 Dungeon Crawl Stone Soup version 0.31.0-32-g396128a36d (webtiles) character file.

Game seed: 9580716009227197466

4125 diceflayer the Cleaver (level 10, -1/79 HPs)
             Began as a Demonspawn Fighter on Apr 23, 2024.
             Killed from afar by an ogre mage (38 damage)
             ... with a bolt of magma
             ... on level 8 of the Dungeon.
             The game lasted 00:05:41 (7056 turns).

diceflayer the Cleaver (Demonspawn Fighter)         Turns: 7056, Time: 00:05:41

Health: -1/79      AC: 13    Str: 21    XL:     10   Next: 6%
Magic:  10/10      EV:  8    Int:  8    God:
Gold:   385        SH:  0    Dex: 13    Spells: 9/9 levels left

rFire   . . .        a - +1 war axe (flame)
rCold   . . .        (no shield)
rNeg    . . .        r - +1 chain mail
rPois   .            B - +0 helmet
rElec   .            f - +0 cloak
rCorr   +            (no gloves)
SInv    .            (no boots)
Will    .....        (no amulet) Stlth
                     j - ring of resist corrosion
HPRegen 0.33/turn    (no ring)
MPRegen 0.12/turn

%: no passive effects
@: no status effects
A: foul stench 1, powered by pain 2, sharp scales 1, demonic touch 2
a: no special abilities


You were on level 8 of the Dungeon.
You visited 2 branches of the dungeon, and saw 9 of its levels.

You collected 385 gold pieces.

Inventory:

Hand Weapons
 a - a +1 war axe of flaming (weapon)
 b - a +3 dire flail
 g - a +0 broad axe
Armour
 f - a +0 cloak (worn)
 r - a +1 chain mail (worn)
 B - a +0 helmet (worn)
Jewellery
 j - a ring of resist corrosion (left hand)
 o - an amulet of magic regeneration
Wands
 p - a wand of light (8)
 z - a wand of charming (8)
Scrolls
 i - 2 scrolls of teleportation
 s - 3 scrolls of enchant weapon
 y - 3 scrolls of fog
Potions
 c - 3 potions of degeneration {unknown}
 d - a potion of might
 e - a potion of attraction {unknown}
 h - a potion of magic {unknown}
 k - a potion of ambrosia {unknown}
 l - 4 potions of brilliance
 m - 4 potions of enlightenment
 n - 6 potions of curing {unknown}
 q - 2 potions of lignification {unknown}
 w - a potion of haste {unknown}


   Skills:
 - Level 7.4 Fighting
 + Level 12.0 Axes
 - Level 2.6 Armour
 - Level 2.6 Shields


You had 9 spell levels left.
You didn't know any spells.
Your spell library contained the following spells:

 Spells                   Type           Power      Damage    Failure   Level
 Jinxbite                 Hex            0%         N/A       99%         2
 Lesser Beckoning         Tloc           0%         N/A       99%         2
 Sublimation of Blood     Necr           0%         N/A       99%         2
 Fugue of the Fallen      Necr           0%         N/A       100%        3
 Gell's Gravitas          Tloc           0%         N/A       100%        3
 Ozocubu's Armour         Ice            0%         N/A       100%        3
 Teleport Other           Tloc           0%         N/A       100%        3
 Manifold Assault         Tloc           0%         N/A       100%        4
 Petrify                  Alch/Erth      0%         N/A       100%        4
 Irradiate                Conj/Alch      0%         3d11      100%        5
 Yara's Violent Unravell  Hex/Alch       0%         3d3       100%        5
 Enfeeble                 Hex            0%         N/A       100%        7


Dungeon Overview and Level Annotations

Branches:
Dungeon (8/15)             Temple (1/1) D:6
   Lair: D:8-11

Altars:
Ashenzari
Cheibriados
Dithmenos
Fedhas
Gozag
Hepliaklqana
Kikubaaqudgha
Nemelex Xobeh
Ru
Trog
Vehumet
Wu Jian
Xom
Yredelemnul
Lugonu

Annotations:
D:4 3 runed translucent doors, SPinguin's ghost, weakling MiBe
D:6 1 runed translucent door, Blueant's ghost, novice DEIE
D:7 2 transporters


Innate Abilities, Weirdness & Mutations

You may rarely emit foul miasma when damaged in melee.
You sometimes gain power by taking damage.
You are partially covered in razor-sharp scales. (AC +1, Slay +1)
Your touch may inflict irresistible damage on your foes.


Message History

Unknown command.
You slash the ice beast!
You melt the ice beast.
You kill the ice beast!
You closely miss the wyvern. The wyvern barely misses you.
The wyvern bites you but does no damage.
Unknown command.
You barely miss the wyvern.
The wyvern bites you but does no damage.
Unknown command.
You barely miss the wyvern. Your touch misses the wyvern.
The wyvern bites you but does no damage.
An ogre mage comes into view. It is wielding a +0 halberd.
Unknown command.
You barely miss the wyvern.
The ogre mage shouts!
You touch the wyvern!
The wyvern is moderately wounded.
The wyvern bites you but does no damage.
The wyvern bites you!
Unknown command.
You barely miss the wyvern.
You touch the wyvern!
The wyvern is severely wounded.
The wyvern bites you.
You are too injured to fight recklessly!
You are too injured to fight recklessly!
You barely miss the wyvern.
The wyvern is severely wounded.
The wyvern closely misses you.
The ogre mage casts a spell.
The ogre mage flickers and vanishes!
Deactivating autopickup; reactivate with Ctrl-A.
You hear a roar!
Unknown command.
You slash the wyvern! You burn the wyvern.
You touch the wyvern.
You kill the wyvern!
Your Axes skill increases to level 12!
You hear some strange, mumbled words.
A bolt of magma appears from out of thin air!
The bolt of magma hits you!!!
You die...

# # ## #. .#
.♣ .♣♣♣♣ .#
♣.. ... .# ..
##♣'♣## .#
♣.#..>).#♣♣...
.#
♣.{..8.)'..♣
##
♣.#†.<..#.♣♣
.# ##♣@♣## .#
#.♣.♣.# .#
#♣.♣.♣# .#
#.♣.♣.# .#
#♣.♣.♣# .#
#.♣†♣.# .#
###♣.♣###
###### .#
♣.......♣
#....# .# ###
♣.♣.♣)♣.♣
#....#


There were no monsters in sight!

Vanquished Creatures
  Pikel (D:8)
  2 wyverns (D:8)
  A steam dragon (D:5)
  A vampire mosquito (D:8)
  2 water moccasins
  An orc warrior (D:8)
  2 ice beasts
  An ogre (D:6)
  A black bear (D:8)
  A sky beast (D:8)
  2 centaurs
  A lemure (D:8)
  4 kobold brigands
  A phantom (D:4)
  3 bullfrogs
  11 wights
  6 hounds (D:5)
  5 orc priests
  A bombardier beetle (D:6)
  A gnoll bouda (D:8)
  2 jellies
  3 sleepcaps
  Jessica (D:2)
  Ijyb (D:5)
  4 iguanas
  6 orc wizards
  7 gnolls
  5 adders
  A shadow imp (D:7)
  6 ufetubi
  A ribbon worm (D:2)
  2 dart slugs
  33 orcs
  2 bats (D:1)
  6 endoplasms
  4 giant cockroaches
  6 goblins
  9 hobgoblins
  3 quokkas
  8 ball pythons
  3 frilled lizards
  13 kobolds
  5 rats
179 creatures vanquished.

Notes
Turn   | Place    | Note
-------+----------+-------------------------------------------
     0 | D:1      | diceflayer the Demonspawn Fighter began the quest for the
                  | Orb.
     0 | D:1      | Reached XP level 1. HP: 18/18 MP: 1/1
    93 | D:1      | Reached skill level 2 in Axes
   204 | D:1      | Gained mutation: You may rarely emit foul miasma when
                  | damaged in melee. [demonic ancestry]
   204 | D:1      | Reached XP level 2. HP: 24/24 MP: 2/2
   490 | D:1      | Reached skill level 3 in Axes
   493 | D:1      | Reached XP level 3. HP: 29/29 MP: 3/3
  1146 | D:2      | Reached skill level 4 in Axes
  1146 | D:2      | Gained mutation: Your touch may inflict minor irresistible
                  | damage on your foes. [demonic ancestry]
  1146 | D:2      | Reached XP level 4. HP: 7/35 MP: 4/4
  1544 | D:2      | Noticed Jessica
  1548 | D:2      | Killed Jessica
  1691 | D:3      | Gained mutation: You are partially covered in razor-sharp
                  | scales. (AC +1, Slay +1) [demonic ancestry]
  1691 | D:3      | Reached XP level 5. HP: 25/41 MP: 5/5
  1694 | D:3      | Reached skill level 5 in Axes
  1852 | D:3      | Found a broken altar of Ashenzari.
  2245 | D:4      | Gained mutation: Your touch may inflict irresistible damage
                  | on your foes. [demonic ancestry]
  2245 | D:4      | Reached XP level 6. HP: 6/47 MP: 6/6
  2466 | D:4      | Found an opulent altar of Gozag.
  2470 | D:4      | Found a basalt altar of Yredelemnul.
  2482 | D:4      | Reached skill level 6 in Axes
  2657 | D:4      | Found a runed translucent gate.
  2658 | D:4      | Found a runed translucent gate.
  2658 | D:4      | Noticed SPinguin's ghost (weakling MiBe)
  2662 | D:4      | Found a runed translucent gate.
  2680 | D:4      | Gained mutation: You sometimes gain a little power by
                  | taking damage. [demonic ancestry]
  2680 | D:4      | Reached XP level 7. HP: 18/55 MP: 7/7
  2902 | D:4      | Reached skill level 5 in Fighting
  2971 | D:4      | Found a radiant altar of Vehumet.
  3463 | D:5      | Entered Level 5 of the Dungeon
  3558 | D:5      | Noticed a steam dragon
  3565 | D:5      | Killed a steam dragon
  3738 | D:5      | Found an ancient bone altar of Kikubaaqudgha.
  4054 | D:5      | Reached XP level 8. HP: 48/67 MP: 8/8
  4372 | D:5      | Found an ornate altar of the Wu Jian Council.
  4387 | D:5      | Noticed Ijyb
  4396 | D:5      | Killed Ijyb
  4727 | D:6      | Reached skill level 7 in Axes
  4788 | D:6      | Found a runed translucent door.
  4788 | D:6      | Noticed Blueant's ghost (novice DEIE)
  4881 | D:6      | Found a sacrificial altar of Ru.
  5010 | D:6      | Found a staircase to the Ecumenical Temple.
  5193 | D:6      | Reached skill level 8 in Axes
  5243 | Temple   | Entered the Ecumenical Temple
  5634 | D:7      | Found a corrupted altar of Lugonu.
  5943 | D:7      | Found a sparkling altar of Nemelex Xobeh.
  6090 | D:7      | Reached skill level 9 in Axes
  6091 | D:7      | Gained mutation: You sometimes gain power by taking damage.
                  | [demonic ancestry]
  6091 | D:7      | Reached XP level 9. HP: 69/72 MP: 9/9
  6262 | D:7      | Found a transporter.
  6263 | D:7      | Found a transporter.
  6265 | D:7      | Noticed a purple ugly thing
  6479 | D:8      | Reached skill level 10 in Axes
  6488 | D:8      | Noticed Pikel
  6497 | D:8      | Killed Pikel
  6502 | D:8      | Reached skill level 11 in Axes
  6532 | D:8      | HP: 1/72 [sky beast (5)]
  7046 | D:8      | Reached XP level 10. HP: 50/79 MP: 10/10
  7051 | D:8      | Noticed an ogre mage
  7056 | D:8      | Reached skill level 12 in Axes
  7056 | D:8      | Killed from afar by an ogre mage

Illustrated notes

Levels and vault maps discovered:
D:1:      kilobyte_arrival_exit_the_forest, layout_loops_corners
D:2:      layout_rooms, uniq_jessica
D:3:      layout_basic, lemuel_tele_altar
D:4:      corexii_shack_village, layout_loops_ring,
          nicolae_overflow_quartered_altars, gammafunk_ghost_split
D:5:      layout_basic, lemuel_doored_altar, kiku_gazebo_pond_becter,
          mumra_transporter_accident, uniq_ijyb
D:6:      layout_basic, nicolae_overflow_hidden_temple,
          minmay_temple_entry_nine_rooms, hellmonk_ghost_happy_afterlife
D:7:      gammafunk_corrupted_shrine, layout_loops_cross,
          nemelex_spade_bored_becter
D:8:      nzn_winding_woodlands_stair_cross
          [nzn_winding_woodlands_5x15_sidewinder,
          nzn_winding_woodlands_center_garden,
          nzn_winding_woodlands_5x15_jagged,
          nzn_winding_woodlands_5x5_checkerboard,
          nzn_winding_woodlands_5x5_three, nzn_winding_woodlands_5x15_zeroes,
          nzn_winding_woodlands_center_triple_pond,
          nzn_winding_woodlands_5x15_default], layout_rooms, uniq_pikel
Temple:   corrupted_temple

Skill      XL: |  1  2  3  4  5  6  7  8  9 10 |
---------------+-------------------------------+-----
Axes           | 2 3 4 5 6 9 11 12 | 12.0
Fighting       | 4 7 |  7.4
Armour         | |  2.6
Shields        | |  2.6

Action                     |  1- 3 |  4- 6 |  7- 9 | 10-12 || total
---------------------------+-------+-------+-------+-------++-------
  Melee: War axe           |    70 |    78 |   274 |    10 ||   432
         Touch             |       |    12 |    37 |     3 ||    52
         Punch             |       |       |     5 |       ||     5
  Evoke: Wand              |       |     2 |       |       ||     2
    Use: Scroll            |     1 |     9 |     7 |       ||    17
         Potion            |       |       |     3 |       ||     3
 Armour: Scale mail        |    50 |    66 |    13 |       ||   129
         Chain mail        |       |       |   324 |     9 ||   333
         Skin              |       |       |     5 |       ||     5
         Steam dragon scal |       |       |     3 |       ||     3
  Dodge: Dodged            |    27 |    34 |   142 |     4 ||   207
  Block: Buckler           |    13 |       |       |       ||    13
